Map: Whispers of Gold

Players

Miyamoto - Winner!

  • Race: Terran Terran
  • League: Master
  • Spawn Location: 9:00

timon

  • Race: Protoss Protoss
  • League: Master
  • Spawn Location: 5:00

VOD

Have the link to the VOD?

Description

Time

  • Played on: Jan. 18, 2025, 5:14 a.m.
  • Length: 17:28
Show
View Real Time Build Order
Export as new Build Order

Miyamoto Terran - Winner!

Build Orders: Gas First Reaper Expand 

Get SALT Encoding   

  12  0:05  SCV  
  13  0:15  Supply Depot  
  13  0:18  SCV  
  14  0:30  SCV  
  14  0:32  Refinery  
  15  0:43  Barracks  
  15  0:47  SCV  
  16  0:59  SCV  
  17  1:11  SCV  
  18  1:23  SCV  
  19  1:31  Reaper  
  20  1:35  Orbital Command  
  20  1:49  Command Center  
  20  1:59  Supply Depot  
  20  2:03  SCV  
  21  2:11  Barracks Tech Lab  
  21  2:15  SCV  
  22  2:18  Factory  
  22  2:27  SCV  
  23  2:30  Bunker  
  23  2:35  Marine  
  24  2:39  SCV  
  25  2:51  SCV  
  26  3:03  SCV  
  27  3:16  SCV  
  27  3:17  Orbital Command  
  27  3:19  Barracks Tech Lab  
  27  3:25  Barracks x2, Refinery  
  27  3:28  SCV  
  27  3:29  Starport  
  28  3:39  Siege Tank  
  28  3:40  Marine, SCV  
  33  3:44  SCV  
  34  3:52  SCV  
  35  3:56  SCV  
  35  3:57  Marine  
  37  4:04  Supply Depot, SCV  
  37  4:07  Stimpack  
  37  4:08  Supply Depot, SCV  
  39  4:15  Marine  
  39  4:16  SCV  
  41  4:23  Refinery x2  
  41  4:24  SCV  
  41  4:28  Barracks Tech Lab, SCV, Barracks Reactor  
  43  4:36  SCV  
  44  4:39  Siege Tank  
  44  4:45  Engineering Bay  
  47  4:46  Starport Reactor  
  47  4:47  Engineering Bay, SCV  
  47  4:49  Marine x2, SCV  
  51  4:59  SCV  
  52  5:01  SCV  
  52  5:06  Command Center  
  53  5:07  Marine  
  53  5:11  SCV  
  53  5:12  Marine  
  53  5:13  SCV  
  53  5:14  Supply Depot  
  57  5:16  Combat Shield  
  57  5:18  Marine  
  57  5:20  Marine  
  59  5:27  Supply Depot  
  59  5:28  Marine  
  60  5:29  SCV  
  60  5:30  Marine  
  60  5:34  Terran Infantry Weapons Level 1  
  60  5:35  SCV  
  63  5:37  Terran Infantry Armor Level 1  
  63  5:44  Missile Turret  
  63  5:50  Missile Turret x2, SCV x2  
  63  5:51  Marine  
  63  5:52  Marine  
  67  5:59  Siege Tank  
  67  6:02  SCV x2  
  72  6:07  Supply Depot  
  72  6:10  Supply Depot  
  72  6:12  Marine  
  72  6:13  Marine  
  72  6:14  Supply Depot, Marine, SCV  
  72  6:16  Marine  
  77  6:21  Medivac x2  
  81  6:25  Orbital Command  
  81  6:29  SCV x2  
  83  6:33  Marine x3  
  83  6:34  Marine  
  87  6:41  Orbital Command  
  87  6:43  Siege Tank  
  90  6:51  Marine x2  
  92  6:56  Armory  
  92  7:02  Barracks  
  92  7:03  Barracks  
  92  7:05  Barracks  
  92  7:06  Barracks  
  92  7:07  Barracks  
  92  7:08  Barracks  
  92  7:21  SCV  
  92  7:22  SCV  
  94  7:27  Missile Turret  
  94  7:28  Refinery, Sensor Tower  
  87  7:32  Marauder, Marine x2  
  87  7:33  Marauder, Refinery  
  87  7:37  Siege Tank  
  79  7:45  Medivac  
  79  7:48  Medivac  
  80  7:52  Marine x3  
  80  7:53  Marine  
  84  7:59  Marine x3  
  84  8:00  Orbital Command  
  84  8:03  Concussive Shells  
  84  8:04  Marine x3  
  90  8:09  Marine, Siege Tank  
  90  8:12  Marine  
  97  8:22  Marauder  
  97  8:23  Marauder  
  97  8:27  Barracks Reactor x2  
  97  8:28  Barracks Tech Lab x2  
  97  8:29  Barracks Reactor  
  97  8:31  Terran Infantry Weapons Level 2  
  97  8:32  Terran Infantry Armor Level 2  
  97  8:33  Barracks Reactor  
  96  8:35  Terran Vehicle Weapons Level 1  
  96  8:43  Factory  
  96  8:47  Starport  
  89  8:52  Marine  
  89  8:53  Marauder x2, Orbital Command, Marine  
  86  9:11  Medivac x2  
  86  9:13  Siege Tank  
  93  9:28  Supply Depot  
  93  9:29  Supply Depot  
  93  9:30  Supply Depot  
  93  9:33  SCV x3  
  93  9:36  Bunker, Refinery  
  96  9:43  Marine  
  96  9:44  Marauder x2, Marine, Missile Turret  
  100  9:47  Marauder, Marine  
  100  9:48  Marauder  
  93  9:54  Marine x2  
  93  9:59  Starport Reactor, Factory Tech Lab  
  88  10:05  Marauder x2  
  92  10:09  Marauder  
  94  10:15  Bunker  
  94  10:23  Marine  
  94  10:24  Marauder, Marine x2  
  94  10:26  Marauder  
  101  10:33  Marauder x2, Marine  
  106  10:35  SCV  
  106  10:37  Orbital Command  
  106  10:38  Marine x2  
  105  10:54  Siege Tank x2  
  111  10:58  SCV x2  
  111  10:59  Marine x7  
  111  11:00  Marine  
  121  11:08  Terran Infantry Weapons Level 3  
  121  11:11  Terran Infantry Armor Level 3  
  121  11:26  Marine x3  
  121  11:27  Marine x6  
  121  11:28  Marine  
  131  11:34  Marine x4  
  102  12:06  Marine x2, Siege Tank x2  
  102  12:07  Marine x4  
  100  12:10  Orbital Command  
  95  12:16  Marine  
  95  12:17  Marauder  
  97  12:24  Marine, Marauder  
  100  12:33  Marine  
  100  12:34  Marine x2  
  103  12:40  Marine  
  104  12:53  Marine  
  105  13:08  Marine x2  
  107  13:26  Marine, Marauder x2  
  104  13:37  Marine x2  
  98  13:55  Orbital Command  
  94  14:00  Marine x6  
  100  14:22  Missile Turret  
  100  14:29  Bunker  
  100  14:31  Bunker  
  100  14:36  Sensor Tower  
  100  14:39  Siege Tank x2  
  100  14:42  Marine x2  
  83  15:10  Marine x3  
  83  15:11  Marine  
  79  15:23  Marauder x2, Marine x3  
  79  15:24  Marine  
  87  15:32  Marauder x2, Marine x2  
  93  15:37  Marine  
  93  15:38  Marine  
  95  15:43  Medivac  
  95  15:45  Marauder x2  
  101  15:52  Marine x3  
  101  15:53  Marine  
  105  16:10  Marine x4  
  109  16:29  Marine x4  
  109  16:30  Marine x4  
  109  16:31  SCV x3  
  104  16:50  Marauder x2, Marine x3  
  106  17:02  Marauder x2, Marine  
Show
View Real Time Build Order
Export as new Build Order

timon Protoss 

Build Orders: 1 Gate Expand, Zealot Archon 

Get SALT Encoding   

  12  0:00  Probe  
  13  0:12  Probe  
  14  0:20  Pylon  
  14  0:24  Probe  
  15  0:32  Assimilator  
  15  0:34  Probe  
  15  0:42  Probe  
  17  0:50  Gateway  
  17  0:53  Probe  
  18  1:06  Probe  
  19  1:18  Probe  
  20  1:30  Probe  
  20  1:32  Nexus  
  21  1:42  Probe  
  21  1:46  Assimilator  
  22  1:49  Pylon  
  22  1:54  Probe  
  23  2:07  Probe  
  23  2:08  Cybernetics Core  
  24  2:19  Probe  
  22  2:54  Stalker  
  22  3:16  Probe x2  
  23  3:24  Probe x2  
  23  3:33  Probe  
  23  3:34  Probe  
  25  3:39  Robotics Facility  
  27  3:44  Probe  
  28  3:50  Probe  
  28  3:53  Probe  
  29  3:58  Probe  
  29  4:01  Probe  
  30  4:08  Probe  
  32  4:12  Probe  
  32  4:14  Forge  
  34  4:18  Twilight Council  
  34  4:19  Gateway  
  34  4:22  Gateway  
  34  4:25  Probe  
  34  4:27  Gateway  
  34  4:28  Probe  
  36  4:36  Warp Gate  
  36  4:44  Observer  
  37  4:50  Probe  
  37  4:51  Probe  
  38  4:58  Probe  
  38  5:02  Immortal  
  38  5:03  Probe  
  44  5:07  Sentry  
  46  5:14  Shield Battery  
  46  5:18  Assimilator  
  46  5:20  Assimilator  
  46  5:25  Pylon  
  46  5:28  Pylon  
  46  5:29  Pylon  
  46  5:31  Templar Archives  
  46  5:43  Probe x2  
  46  5:44  Immortal  
  52  5:51  Protoss Ground Weapons Level 1  
  52  5:52  Charge  
  52  6:11  Gateway  
  52  6:12  Gateway x2  
  52  6:15  Immortal  
  52  6:16  Gateway  
  56  6:34  Zealot x4  
  64  6:41  Pylon  
  64  6:44  Pylon  
  64  6:53  Warp Prism  
  66  7:03  High Templar x2  
  66  7:04  High Templar  
  66  7:06  High Templar  
  66  7:07  Archon  
  74  7:10  Archon  
  74  7:15  Zealot x3  
  74  7:16  Zealot  
  62  7:37  Zealot  
  62  7:38  Zealot x7  
  70  7:58  High Templar x2  
  70  7:59  Zealot x3  
  70  8:00  Zealot x3  
  70  8:02  Archon  
  86  8:28  Pylon  
  86  8:30  Pylon  
  50  8:58  High Templar x2  
  50  8:59  High Templar  
  50  9:00  Zealot x3  
  50  9:01  Zealot x2  
  61  9:03  Archon  
  57  9:32  High Templar  
  57  9:33  Nexus, Zealot x5  
  57  9:34  Pylon, Zealot x2  
  57  9:36  Archon  
  57  9:37  Assimilator  
  73  9:40  Assimilator  
  61  10:00  High Templar x2  
  61  10:02  Zealot x5  
  61  10:05  Archon  
  75  10:22  Observer  
  75  10:27  Zealot  
  75  10:28  Zealot x5  
  84  10:49  Zealot x7  
  84  10:50  Zealot  
  86  11:12  Probe x2  
  86  11:13  Protoss Ground Weapons Level 2, Probe  
  86  11:15  Observer  
  90  11:27  High Templar x2  
  90  11:31  Zealot x6  
  106  11:34  Archon  
  106  11:41  Robotics Bay  
  106  11:42  Immortal  
  110  11:52  Robotics Facility  
  90  12:01  Zealot x2  
  90  12:02  Zealot x3  
  68  12:17  High Templar  
  68  12:18  High Templar  
  68  12:24  Archon  
  68  12:28  High Templar x2  
  72  12:30  Zealot x4  
  72  12:32  Archon  
  80  12:39  Extended Thermal Lance  
  80  12:45  Probe x2  
  82  13:02  Colossus  
  86  13:18  High Templar  
  86  13:19  High Templar  
  88  13:20  Zealot x6  
  90  13:28  Archon  
  78  13:40  Zealot x5  
  78  13:41  Zealot  
  74  13:50  Protoss Ground Weapons Level 3  
  70  13:57  High Templar x2  
  70  14:01  Archon  
  74  14:03  Colossus  
  80  14:24  Colossus  
  80  14:27  Zealot x5  
  96  14:33  Probe  
  76  15:02  Zealot x3  
  76  15:03  Zealot x5  
  60  15:23  Colossus x2  
  72  15:32  Zealot x3  
  64  15:56  Psionic Storm  
  64  16:00  Sentry  
  64  16:01  Sentry  
  64  16:02  Zealot x4  
  64  16:03  Zealot x2  
  80  16:15  Nexus  
  80  16:19  Pylon  
  80  16:37  Zealot x4  
  80  16:38  Zealot x2  
  47  16:56  Zealot x2  
  51  17:05  Zealot  
  51  17:06  Zealot  
Tags
 
Add a new tag
Caveats
  • Supply blocks, unpowered buildings, or Contaminate may cause inaccurate times.
  • Supply counts are checked every 10 seconds.